AoeStats
← FiveCarp4837322

African Clearing

510676879Analyzed
4v4 RM · 21h ago on Oct 2, 2026· 62m 39s· 8 players
Game mode
Random Map
Map size
Large (8 player)
Population
200
Speed
Normal
Resources
Standard
Victory
Conquest
Starting age
Dark Age
Ending age
Imperial Age
RankedLock teamsTeams togetherTeam positionsShared explorationLock speedFull tech treeHidden civsTurbo modeCheats
Victory
Defeat
🇺🇸 Magyars · United States
1042
+41
🇨🇳 Hindustanis · China
970
+17
🇺🇸 Huns · United States
937
+18
🇺🇸 Saxons · United States
919
+19
🇺🇸 Danes · United States
1072
-21
🇨🇴 Poles · Colombia
1033
-19
🇩🇴 Mongols · Dominican Republic
970
-16
🇩🇴 Franks · Dominican Republic
859
-12
kaiju
7:02 Loom
15:44 Feudal Age
16:25 Double-Bit Axe
17:53 Wheelbarrow
26:43 Castle Age
25:32 Stone Mining
25:32 Gold Mining
30:46 Fletching
34:45 Thumb Ring
37:18 Bloodlines
37:43 Forging
37:28 Bodkin Arrow
44:09 Imperial Age
42:41 Padded Archer Armor
48:14 Bow Saw
49:23 Pikeman
50:04 Squires
雷欧聊世纪-天天都更新
9:04 Loom
17:23 Feudal Age
18:27 Double-Bit Axe
18:25 Horse Collar
24:08 Castle Age
24:30 Wheelbarrow
24:20 Fletching
24:38 Scale Mail Armor
24:52 Squires
25:09 Bow Saw
26:34 Crossbowman
26:46 Man-at-Arms
28:37 Bodkin Arrow
28:58 Chain Mail Armor
28:45 Town Watch
29:31 Long Swordsman
30:26 Forging
30:25 Thumb Ring
32:09 Heavy Plow
32:13 Gambesons
32:14 Arson
38:47 Ballistics
41:10 Imperial Age
40:00 Iron Casting
41:56 Hand Cart
41:22 Two-Handed Swordsman
42:37 Plate Mail Armor
41:32 Shield Wall
42:33 Conscription
43:04 Champion
44:44 Crop Rotation
45:17 Two-Man Saw
47:36 Bracer
48:40 Chemistry
47:52 Masonry
626464865
6:38 Loom
14:48 Feudal Age
20:19 Castle Age
18:21 Horse Collar
18:45 Double-Bit Axe
21:38 Scale Barding Armor
22:46 Chain Barding Armor
23:53 Forging
26:15 Bow Saw
27:28 Wheelbarrow
28:27 Hand Cart
28:47 Gold Mining
31:23 Gold Shaft Mining
34:40 Imperial Age
32:34 Heavy Plow
33:11 Husbandry
33:49 Iron Casting
34:12 Bloodlines
34:45 Heavy Camel Rider
35:14 Light Cavalry
36:32 Plate Barding Armor
36:02 Grand Trunk Road
37:52 Two-Man Saw
36:33 Imperial Camel Rider
38:09 Conscription
40:00 Blast Furnace
45:17 Hussar
57:14 Spies/Treason
FiveCarp4837322
5:02 Loom
7:06 Loom
8:22 Loom
16:18 Feudal Age
16:51 Double-Bit Axe
16:48 Horse Collar
24:49 Castle Age
23:58 Fletching
24:08 Padded Archer Armor
25:26 Scale Barding Armor
26:00 Gold Mining
26:30 Leather Archer Armor
27:19 Bloodlines
28:10 Bodkin Arrow
28:55 Light Cavalry
30:17 Heavy Plow
32:36 Wheelbarrow
33:36 Bow Saw
39:06 Imperial Age
36:42 Stone Mining
37:16 Ballistics
38:34 Hand Cart
42:27 Crop Rotation
41:52 Hussar
44:03 Parthian Tactics
44:20 Gold Shaft Mining
44:56 Town Watch
47:03 Chain Barding Armor
46:43 Bracer
50:30 Heavy Cavalry Archer
52:43 Town Patrol
56:05 Plate Barding Armor
59:11 Spies/Treason
CC182
6:37 Loom
15:01 Feudal Age
15:47 Horse Collar
15:54 Town Watch
16:01 Double-Bit Axe
22:32 Castle Age
27:37 Bow Saw
28:01 Heavy Plow
28:50 Ballistics
28:31 Murder Holes
32:56 Wheelbarrow
35:52 Imperial Age
33:42 Fletching
34:04 Forging
33:59 Scale Barding Armor
34:46 Bodkin Arrow
34:35 Light Cavalry
35:30 Masonry
35:58 Iron Casting
35:57 Bloodlines
36:20 Husbandry
36:48 Winged Hussar
38:34 Lechitic Legacy
38:55 Chain Barding Armor
40:06 Crop Rotation
40:12 Conscription
44:26 Hoardings
48:39 Blast Furnace
48:10 Bracer
Nothing happened, go cry!
6:31 Loom
18:54 Feudal Age
21:14 Town Watch
30:03 Castle Age
28:20 Double-Bit Axe
29:49 Stone Mining
30:44 Padded Archer Armor
30:35 Fletching
30:49 Gold Mining
32:29 Leather Archer Armor
32:03 Elite Skirmisher
32:12 Pikeman
33:38 Squires
33:26 Arson
34:06 Man-at-Arms
38:05 Wheelbarrow
37:59 Gambesons
47:09 Hand Cart
47:23 Bow Saw
47:59 Gold Shaft Mining
48:58 Long Swordsman
51:41 Husbandry
51:02 Light Cavalry
xunil
11:59 Loom
14:38 Feudal Age
18:47 Castle Age
17:18 Double-Bit Axe
23:26 Forging
29:27 Horse Collar
31:16 Wheelbarrow
32:00 Fletching
33:02 Iron Casting
37:22 Imperial Age
35:03 Bodkin Arrow
35:45 Elite Skirmisher
36:30 Gold Mining
37:03 Heavy Plow
38:04 Bracer
38:28 Conscription
39:47 Blast Furnace
40:02 Arson
42:26 Hand Cart
41:53 Hamask
45:23 Padded Archer Armor
46:56 Scale Mail Armor
Mandark39
14:31 Loom
17:58 Feudal Age
22:44 Castle Age
53:18 Padded Archer Armor
53:08 Fletching
53:42 Ballistics
Connection lost

Rejoining the realm…

Still unreachable

The connection could not be restored.

Session expired

The server has moved on; the page needs a fresh start.